 Dungeon Crawl Stone Soup version 0.28.0-62-gf88900778d (webtiles) character file.

Game seed: 6975831892836733014

90 Froggeryz the Cutter (level 4, 0/32 HPs)
             Began as an Octopode Berserker on Aug 21, 2023.
             Was a Believer of Trog.
             Slain by a goblin
             ... wielding a +0 dagger
             ... led by Robin
              (6 damage)
             ... on level 3 of the Dungeon.
             The game lasted 00:02:05 (2340 turns).

Froggeryz the Cutter (Octopode Berserker)           Turns: 2340, Time: 00:02:06

Health: 0/32       AC:  1    Str: 13 (16) XL:     4   Next: 56%
Magic:  4/4        EV: 13    Int:  6 (9)  God:    Trog [**....]
Gold:   97         SH:  0    Dex: 11 (13) Spells: 3/3 levels left

rFire   . . .      SeeInvis .   j - +0 dagger (venom)
rCold   . . .      Faith    +   (no shield)
rNeg    . . .      Spirit   .   (helmet restricted)
rPois   .          Reflect  .   i - amulet of faith
rElec   .          Harm     .   (no ring)
rCorr   .          Rampage  .   (no ring)
Will    ++...                   (no ring)
Stlth   ++........              (no ring)
HPRegen 1.10/turn               (no ring)
MPRegen 0.09/turn               (no ring)
                                (no ring)
                                (no ring)

@: strong-willed, regenerating
A: almost no armour, amphibious, 8 rings, camouflage 1, gelatinous body 1,
(nimble swimmer 1), tentacles
a: Renounce Religion, Berserk, Trog's Hand


You were on level 3 of the Dungeon.
You worshipped Trog.
Trog was pleased with you.
You visited 1 branch of the dungeon, and saw 3 of its levels.

You collected 97 gold pieces.

Inventory:

Hand Weapons
 j - a +0 dagger of venom (weapon)
Armour
 c - a +0 buckler
Jewellery
 b - an amulet of magic regeneration
 i - an amulet of faith (around mantle)
Potions
 a - a potion of attraction
 d - 2 potions of haste
 e - a potion of flight


   Skills:
 + Level 3.6 Fighting
 * Level 4.2 Short Blades
 - Level 3.0 Dodging
 + Level 1.7 Shields


You had 3 spell levels left.
You didn't know any spells.
Your spell library was empty.

Dungeon Overview and Level Annotations

Branches:
Dungeon (3/15)

Altars:

Shops:
D:2 [

Annotations:
D:3 Robin


Innate Abilities, Weirdness & Mutations

You cannot wear most types of armour.
You are amphibious.
You can wear up to eight rings at the same time.
Your skin changes colour to match your surroundings (Stealth+).
Your rubbery body absorbs attacks. (AC +1, EV +1)
((You are camouflaged when in or above water. (Stealth+)))
You have tentacles for arms and can constrict up to eight enemies at once.


Message History

The orc closely misses you.
Okay, then.
As you read the scroll of identify, it crumbles to dust.
a - a potion of attraction The goblin hits you with a +0 dagger.
The orc closely misses you.
As you read the scroll of identify, it crumbles to dust.
k - a potion of heal wounds The hobgoblin no longer looks unusually strong.
Something hits you. The goblin closely misses you.
The orc hits you with a +0 dagger.
Your skin crawls.
You feel strong-willed.
The goblin no longer looks unusually strong.
Something hits you. The goblin closely misses you.
The orc hits you with a +0 dagger.
The goblin no longer looks unusually strong.
The goblins go into a battle-frenzy!
The goblin hits you with a +0 dagger. The orc closely misses you.
Something hits you but does no damage. The goblin barely misses you.
The orc hits you with a +0 dagger. Something hits you.
The goblin hits you with a +0 dagger. The orc hits you with a +0 dagger.
The hobgoblin no longer looks unusually strong.
The goblins go into a battle-frenzy!
The goblin closely misses you. The orc misses you. Something hits you.
The goblin hits you with a +0 dagger.
* * * LOW HITPOINT WARNING * * *
The orc hits you with a +0 dagger.
* * * LOW HITPOINT WARNING * * *
You feel much better. Something hits you. The goblin closely misses you.
The orc hits you with a +0 dagger. Something hits you.
The goblin barely misses you. The orc hits you with a +0 dagger.
Something hits you. The goblin barely misses you.
The orc hits you with a +0 dagger.
* * * LOW HITPOINT WARNING * * *
You closely miss the goblin. Your grab misses the goblin. Something hits you.
* * * LOW HITPOINT WARNING * * *
The goblin hits you with a +0 dagger.
You die...

...........#
.###.####### .# #.#
.# #.# .# #.#
.###.######
#.........# #
.(......gg########.#
...#####.gggoo{o@g.#
...#:?$#)o########.#
...#?$?#.... #
...#$$?#g.###
...#####oo#
.......g..#
..........#
####.###.#


You could see 4 orcs, 2 hobgoblins and 3 goblins.

Vanquished Creatures
  Jessica (D:2)
  2 adders (D:2)
  2 dart slugs
  2 bats
  2 endoplasms (D:2)
  7 goblins
  4 hobgoblins
  2 jackals (D:2)
  4 kobolds
  4 quokkas
  2 ball pythons
  4 frilled lizards
  2 rats (D:1)
38 creatures vanquished.

Vanquished Creatures (others)
  12 plants (D:2)
12 creatures vanquished.

Grand Total: 50 creatures vanquished

Notes
Turn   | Place    | Note
-------+----------+-------------------------------------------
     0 | D:1      | Froggeryz the Octopode Berserker began the quest for the
                  | Orb.
     0 | D:1      | Reached XP level 1. HP: 16/16 MP: 1/1
   370 | D:1      | Reached XP level 2. HP: 19/21 MP: 2/2
   902 | D:2      | Reached XP level 3. HP: 21/26 MP: 3/3
  1027 | D:2      | Reached skill level 1 in Shields
  1146 | D:2      | Found Ziroula's Armour Shop.
  1345 | D:2      | Reached ** piety under Trog
  1407 | D:2      | Noticed Jessica
  1486 | D:2      | Killed Jessica
  1487 | D:2      | Reached skill level 4 in Short Blades
  1487 | D:2      | Reached XP level 4. HP: 13/31 MP: 4/4
  2310 | D:3      | Noticed Robin
  2340 | D:3      | Slain by a goblin

Illustrated notes

Levels and vault maps discovered:
D:1:      scummos_arrival_checkerplants, layout_loops_cross
D:2:      layout_basic, serial_shops, shop, nrook_loot_triangle,
          serial_bayou_ford_a, uniq_jessica
D:3:      layout_loops_ring, shapermc_ecumenical_altar_petra,
          due_unseen_surprise, uniq_robin

Skill      XL: |  1  2  3 |
---------------+----------+-----
Shields        | 1 |  1.7
Short Blades   | 4 |  4.2
Fighting       | |  3.6
Dodging        | |  3.0

Action                   |  1- 3 |  4- 6 || total
-------------------------+-------+-------++-------
Melee: Short sword       |    66 |       ||    66
       Constrict         |    15 |     6 ||    21
       Tentacles         |    13 |     5 ||    18
       Punch             |     1 |       ||     1
       Dagger            |       |    20 ||    20
Invok: Trog's Hand       |       |     2 ||     2
  Use: Potion            |       |     5 ||     5
       Scroll            |       |     4 ||     4
 Stab: Sleeping          |     5 |     3 ||     8
       Distracted        |     1 |       ||     1
Armor: Skin              |     4 |     3 ||     7
Dodge: Dodged            |    42 |    21 ||    63
